 Dungeon Crawl Stone Soup version 0.30.1-9-gdf580d7c3d (webtiles) character file.

Game seed: 336944377014654087

23 leafyfresh the Sneak (level 2, -10/27 HPs)
             Began as a Minotaur Delver on Oct 26, 2023.
             Killed from afar by an orc wizard (12 damage)
             ... with a puff of flame
             ... on level 5 of the Dungeon.
             The game lasted 00:00:21 (56 turns).

leafyfresh the Sneak (Minotaur Delver)                Turns: 56, Time: 00:00:22

Health: -10/27     AC:  5    Str: 16    XL:     2   Next: 72%
Magic:  1/1        EV: 11    Int:  7    God:
Gold:   23         SH:  0    Dex: 11    Spells: 1/1 levels left

rFire   . . .        a - +0 short sword
rCold   . . .        (no shield)
rNeg    . . .        h - +0 ring mail
rPois   .            (helmet restricted)
rElec   .            (no cloak)
rCorr   .            (no gloves)
SInv    .            (no boots)
Will    .....        (no amulet)
Stlth   ++           (no ring)
HPRegen 0.24/turn    (no ring)
MPRegen 0.07/turn

%: no passive effects
@: no status effects
A: horns 2, retaliatory headbutt
a: no special abilities


You were on level 5 of the Dungeon.
You visited 1 branch of the dungeon, and saw 1 of its levels.

You collected 23 gold pieces.

Inventory:

Hand Weapons
 a - a +0 short sword (weapon)
Missiles
 i - 3 boomerangs (quivered)
Armour
 b - a +0 leather armour
 h - a +0 ring mail (worn)
Wands
 g - a wand of digging (3)
Scrolls
 c - a scroll of fog
 d - a scroll of magic mapping
 e - a scroll of fear
Potions
 f - a potion of haste


   Skills:
 + Level 4.0 Fighting
 + Level 2.6 Short Blades
 + Level 2.6 Dodging
 + Level 4.3 Stealth


You had one spell level left.
You didn't know any spells.
Your spell library was empty.

Dungeon Overview and Level Annotations

Branches:
Dungeon (5/15)
 Temple: D:4-7

Altars:


Innate Abilities, Weirdness & Mutations

You have a pair of horns on your head.
You reflexively headbutt those who attack you in melee.


Message History

The orc wizard is severely wounded.
The orc wizard gestures at you while chanting.
You are confused.
You are too confused!
You are too confused!
You barely miss the orc wizard.
The orc wizard is severely wounded.
The orc wizard points at you and mumbles some strange words.
The puff of flame hits you.
The orc wizard hits you but does no damage.
You closely miss the orc wizard.
The orc wizard hits you but does no damage.
The orc wizard points at you and mumbles some strange words.
You resist with significant effort.
You closely miss the orc wizard.
The orc wizard hits you but does no damage.
You barely miss the orc wizard.
The orc wizard hits you with a +0 dagger.
The orc wizard hits you but does no damage.
The orc wizard mumbles some strange words.
The orc wizard flickers and vanishes!
Deactivating autopickup; reactivate with Ctrl-A.
The orc wizard casts a spell at you. You resist with significant effort.
You barely miss the orc wizard. You headbutt the orc wizard.
You kill the orc wizard!
The orc wizard barely misses you. x2
Your Fighting skill increases to level 4!
You have reached level 2!
The orc wizard attacks as you move away!
The orc wizard hits you with a +0 dagger.
You feel less confused.
The orc wizard gestures at you while chanting.
The magic dart hits you!
* * * LOW HITPOINT WARNING * * *
You closely miss the orc wizard. Your headbutt misses the orc wizard.
You closely miss the orc wizard.
The orc wizard points at you and mumbles some strange words.
The puff of flame hits you!
You die...

### ####.. ##....
. ....... # .
#.##..# .## #.
#.##{o# .:..
##.##.##oo###.#
......##@...#.#
#..........###..
###.#.#.#.......#
...#...#########
#.#.### #.##...#
#......#######..
##.............#
........#.#.####


You could see 3 orc wizards.

Vanquished Creatures
  An orc wizard (D:5)
1 creature vanquished.

Notes
Turn   | Place    | Note
-------+----------+-------------------------------------------
     0 | D:5      | leafyfresh the Minotaur Delver began the quest for the Orb.
     0 | D:5      | Reached XP level 1. HP: 19/19 MP: 0/0
    36 | D:5      | Noticed an orc wizard
    37 | D:5      | Noticed an orc wizard
    38 | D:5      | Noticed an orc wizard
    38 | D:5      | Noticed an orc wizard
    38 | D:5      | Noticed an orc wizard
    53 | D:5      | Killed an orc wizard
    54 | D:5      | Reached XP level 2. HP: 10/27 MP: 1/1
    56 | D:5      | Killed from afar by an orc wizard

Illustrated notes

Levels and vault maps discovered:
D:5:      layout_basic, minmay_a_box_with_orc_wizards_in_it

Skill      XL: |  1 |
---------------+----+-----
Fighting       | 4 |  4.0
Short Blades   | |  2.6
Dodging        | |  2.6
Stealth        | |  4.3

Action                     || total
---------------------------++-------
  Melee: Short sword       ||    12
         Headbutt          ||     2
 Armour: Ring mail         ||     4
  Dodge: Dodged            ||     3
